 Dungeon Crawl Stone Soup version 0.18-a0-1060-g4fac74f (webtiles) character file.

245 namelastname112 the Sneak (level 5, -1/42 HPs)
             Began as a Draconian Wizard on Jan 12, 2016.
             Slain by Crazy Yiuf
             ... wielding a +3 quarterstaff of chaos
              (16 damage)
             ... on level 3 of the Dungeon.
             The game lasted 00:06:20 (2785 turns).

namelastname112 the Sneak (Draconian Wizard)        Turns: 2785, Time: 00:06:20

Health: -1/42      AC:  8    Str:  9    XL:     5   Next: 84%
Magic:  9/9        EV: 12    Int: 19    God:
Gold:   132        SH:  0    Dex: 10    Spells: 1 memorised, 9 levels left

rFire  . . .     SeeInvis .     i - +1 dagger (distort)
rCold  . . .     Gourm    .     (armour unavailable)
rNeg   . . .     Faith    .     (no shield)
rPois  .         Spirit   .     a - +1 hat
rElec  .         Dismiss  .     d - +0 cloak
rCorr  .         Reflect  .     (no gloves)
SustAt .         Harm     .     (no boots)
MR     .....                    (no amulet)
Stlth  +++.......               u - +1 ring of protection
                                e - ring of stealth

@: not resistant to hostile enchantments, fairly stealthy
A: unfitting armour, cold-blooded, AC +5
a: no special abilities


You were on level 3 of the Dungeon.
You were not hungry.

You visited 1 branch of the dungeon, and saw 3 of its levels.

You collected 132 gold pieces.

Inventory:

Hand Weapons
 i - a +1 dagger of distortion (weapon)
Armour
 a - a +1 hat (worn)
 d - a +0 cloak (worn)
Jewellery
 e - a ring of stealth (left hand)
 u - a +1 ring of protection (right hand)
Wands
 o - a wand of flame (17/48)
Scrolls
 f - a scroll of recharging {unknown}
 h - 2 scrolls of random uselessness {unknown}
 j - 2 scrolls of enchant weapon {unknown}
 m - 2 scrolls of remove curse
 n - a scroll of amnesia
 r - 2 scrolls of identify {unknown}
 t - a scroll of fog {unknown}
 v - a scroll of magic mapping {unknown}
 z - a scroll of fear {unknown}
Potions
 g - a potion of degeneration {unknown}
 l - a potion of haste {unknown}
 p - 2 potions of poison {unknown}
 s - a potion of ambrosia {unknown}
 w - a potion of agility {unknown}
 x - a potion of invisibility
Books
 b - a book of Minor Magic

   Spells                             Type                      Level
   a - Magic Dart                     Conjuration                  1
   b - Blink                          Translocation                2
   c - Call Imp                       Summoning                    2
   d - Repel Missiles                 Charms/Air                   2
   e - Slow                           Hexes                        2
   f - Conjure Flame                  Conjuration/Fire             3
   g - Mephitic Cloud                 Conjuration/Poison/Air       3
Comestibles
 c - 11 fruits
 k - a bread ration
 q - a meat ration
 A - 2 chunks of flesh


   Skills:
 + Level 2.5 Fighting
 * Level 2.7 Short Blades
 + Level 3.2 Dodging
 * Level 3.4 Stealth
 - Level 3.0 Spellcasting
 - Level 1.0 Conjurations
   Level 1.0 Summonings
   Level 1.0 Translocations


You had 9 spell levels left.
You knew the following spells:

 Your Spells              Type           Power        Failure   Level  Hunger
z - Magic Dart            Conj           #...         12%         1    None


Dungeon Overview and Level Annotations

Branches:
Dungeon (3/15)

Altars:

Annotations:
D:3 Crazy Yiuf; namelastname112's ghost, amateur DrWz


Innate Abilities, Weirdness & Mutations

Your plain brown scales are hard (AC +5).
Your body does not fit into most forms of armour.
You are cold-blooded and may be slowed by cold attacks.


Message History

Crazy Yiuf moves out of view.
No target in view!
Crazy Yiuf hits you with a quarterstaff of chaos!
Crazy Yiuf freezes you.
You feel yourself slow down.
You barely miss Crazy Yiuf. Crazy Yiuf closely misses you.
You hit Crazy Yiuf.
Space bends around Crazy Yiuf.
Crazy Yiuf is heavily wounded.
You feel yourself speed up.
Crazy Yiuf drinks a potion.
Crazy Yiuf flickers and vanishes!
Deactivating autopickup; reactivate with Ctrl-A.
Namelastname112's ghost (amateur Draconian Wizard) comes into view.
Namelastname112's ghost turns its malevolent gaze towards you.
Namelastname112's ghost moves out of view.
Crazy Yiuf appears from thin air!
Reactivating autopickup.
You closely miss Crazy Yiuf.
Crazy Yiuf is heavily wounded.
Crazy Yiuf hits you with a quarterstaff of chaos!
You are electrocuted!
You die...

#.####.#####.# #........
#............# #.#(.....
#.####.......# #.#.#####
#.##......)..# ##.#.#
#.##.#......(# ##....#
#.##.#......(####.###.#
#####.##.#..#.........# #.#####
#...........####.####.###.....#
#.###.....W..g@..# ##...####..
#.# ##...##.###### ##### #..
#.####...##.# #..
#............. #..
#).####..####. #.# #..# #..# .#
#.# ##..# #..# # #.# #...# ..#
#.# #.#.####... #.#


You could see Crazy Yiuf and namelastname112's ghost.

Vanquished Creatures
  Sigmund (D:2)
  An adder (D:2)
  An ooze (D:1)
  A worm (D:3)
  4 giant geckos
  6 orcs (D:3)
  A giant cockroach (D:3)
  5 goblins
  3 hobgoblins
  6 kobolds
  A quokka (D:3)
  3 ball pythons
  2 bats (D:3)
  2 giant newts (D:2)
  4 rats
41 creatures vanquished.

Vanquished Creatures (others)
  An orc wizard (D:3)
  An adder (D:2)
  An orc (D:3)
3 creatures vanquished.

Grand Total: 44 creatures vanquished

Notes
Turn   | Place    | Note
--------------------------------------------------------------
     0 | D:1      | namelastname112 the Draconian Wizard began the quest for the Orb.
     0 | D:1      | Reached XP level 1. HP: 14/14 MP: 4/4
   171 | D:1      | Reached skill level 1 in Fighting
   171 | D:1      | Reached XP level 2. HP: 14/23 MP: 0/6
  1745 | D:2      | Reached XP level 3. HP: 24/28 MP: 7/7
  1908 | D:2      | Noticed Sigmund
  1918 | D:2      | Killed Sigmund
  1918 | D:2      | Reached XP level 4. HP: 22/37 MP: 8/8
  1918 | D:2      | Reached XP level 5. HP: 24/42 MP: 9/9
  2735 | D:3      | Noticed Crazy Yiuf
  2780 | D:3      | Noticed namelastname112's ghost (amateur DrWz)
  2785 | D:3      | Slain by Crazy Yiuf

Vault maps used:
D:1:      minmay_arrival_nine_rooms, st_stairs_8
D:2:      uniq_sigmund
D:3:      gammafunk_temple_overflow_pools, uniq_crazy_yiuf_cottage

Action                   |  1- 3 |  4- 6 || total
-------------------------+-------+-------++-------
Melee: Unarmed           |    16 |       ||    16
       Dagger            |    61 |    43 ||   104
 Cast: Magic Dart        |    40 |       ||    40
  Use: Scroll            |     4 |       ||     4
 Stab: Sleeping          |     4 |     4 ||     8
  Eat: Bread ration      |     1 |       ||     1
       Chunk             |       |     1 ||     1
